 Dungeon Crawl Stone Soup version 0.21.0 (webtiles) character file.

75 Drusha21 the Chiller (level 4, 0/24 HPs)
             Began as a Deep Elf Ice Elementalist on Mar 5, 2018.
             Succumbed to an adder's poison
             ... on level 2 of the Dungeon on Mar 6, 2018.
             The game lasted 00:10:46 (1719 turns).

Drusha21 the Chiller (Deep Elf Ice Elementalist)    Turns: 1719, Time: 00:10:47

Health: 0/24       AC:  2    Str:  5    XL:     4   Next: 11%
Magic:  1/12       EV: 13    Int: 21    God:
Gold:   45         SH:  0    Dex: 15    Spells: 8/11 levels left

rFire    . . .     SeeInvis .   (no weapon)
rCold    . . .     Gourm    .   (no shield)
rNeg     . . .     Faith    .   a - +0 robe
rPois    .         Spirit   .   (no helmet)
rElec    .         Reflect  .   (no cloak)
rCorr    .         Harm     .   (no gloves)
MR       .....                  (no boots)
Stlth    ++........             (no amulet)
HPRegen  0.08/turn              (no ring)
MPRegen  0.13/turn              (no ring)

@: lethally poisoned (0 -> -8)
A: no striking features
a: no special abilities


You were on level 2 of the Dungeon.
You were hungry.

You visited 1 branch of the dungeon, and saw 2 of its levels.

You collected 45 gold pieces.

Inventory:

Armour
 a - a +0 robe (worn)
Scrolls
 f - 2 scrolls of identify {unknown}
Potions
 d - a potion of invisibility {unknown}
 e - a potion of mutation {unknown}
 g - a potion of heal wounds {unknown}
 h - a potion of flight {unknown}
 i - a potion of might {unknown}
Books
 b - a book of Frost

   Spells                             Type                      Level
   a - Freeze                         Ice                          1
   b - Throw Frost                    Conjuration/Ice              2
   c - Ozocubu's Armour               Charms/Ice                   3
   d - Throw Icicle                   Conjuration/Ice              4
   e - Summon Ice Beast               Ice/Summoning                4
Comestibles
 c - 5 rations


   Skills:
 + Level 0.1 Fighting
 + Level 3.0 Dodging
 + Level 2.7 Stealth
 + Level 0.2 Unarmed Combat
 + Level 4.3 Spellcasting
 + Level 1.1 Conjurations
 + Level 4.3 Ice Magic


You had 8 spell levels left.
You knew the following spells:

 Your Spells              Type           Power        Failure   Level  Hunger
a - Freeze                Ice            ###.         1%          1    None
b - Throw Frost           Conj/Ice       ###...       6%          2    #......


Dungeon Overview and Level Annotations

Branches:
Dungeon (2/15)

Altars:


Message History

You are lethally poisoned!
The adder poisons you!
* * * LOW HITPOINT WARNING * * *
You feel sick.
* * * LOW HITPOINT WARNING * * *
You feel sick. The adder bites you.
* * * LOW HITPOINT WARNING * * *
You are more poisoned.
The adder poisons you!
You see here a dagger.
* * * LOW HITPOINT WARNING * * *
You feel sick.
* * * LOW HITPOINT WARNING * * *
You feel sick.
Things that are here:
a rapier; a goblin skeleton
* * * LOW HITPOINT WARNING * * *
You feel sick. The adder misses you.
You die...

#.###......# ..........
#w##.......##...........
#.##...##................
#.##...##)..#.............
#.##...##.................
#.##.....)...............#
#.##....#S#..###.......#.#
#.##...##................#
#.##.....@................
#.##..>...................
#.######........<......<..
#.# ###..#......(.........
#.# #...##................
#.###.####.........)......
#.#...# #............<...
#.#.### ##.............##
#...# #......)..).>...


You could see an adder.

Vanquished Creatures
  An adder (D:2)
  2 worms (D:2)
  2 dart slugs (D:1)
  3 leopard geckos (D:1)
  7 bats
  5 hobgoblins
  6 jackals
  7 kobolds
  A frilled lizard (D:1)
  11 goblins
  4 rats
49 creatures vanquished.

Notes
Turn   | Place    | Note
-------+----------+-------------------------------------------
     0 | D:1      | Drusha21 the Deep Elf Ice Elementalist began the quest for the Orb.
     0 | D:1      | Reached XP level 1. HP: 10/10 MP: 6/6
    40 | D:1      | Reached XP level 2. HP: 10/15 MP: 0/8
   186 | D:1      | Learned a level 2 spell: Throw Frost
   677 | D:1      | Reached XP level 3. HP: 19/19 MP: 5/10
  1578 | D:2      | Reached XP level 4. HP: 24/24 MP: 2/12
  1717 | D:2      | HP: 1/24 [poisoned by an adder]
  1719 | D:2      | Succumbed to an adder's poison

Skill      XL: |  1  2  3  4 |
---------------+-------------+-----
Ice Magic      | 4 |  4.3
Spellcasting   | 4 |  4.3
Dodging        | 3 |  3.0
Fighting       | |  0.1
Stealth        | |  2.7
Unarmed Combat | |  0.2
Conjurations   | |  1.1

Action                   |  1- 3 |  4- 6 || total
-------------------------+-------+-------++-------
Melee: Unarmed           |    18 |       ||    18
 Cast: Freeze            |    51 |     7 ||    58
       Throw Frost       |    19 |     7 ||    26
  Eat: Chunk             |     2 |       ||     2
Armor: Robe              |    21 |     1 ||    22
Dodge: Dodged            |    68 |     4 ||    72
